 Dungeon Crawl Stone Soup version 0.20.1-1-g8b1a95d (webtiles) character file.

170 Nattfarinn the Skirmisher (level 5, -1/37 HPs)
             Began as a Gargoyle Berserker on Aug 5, 2017.
             Was a Believer of Trog.
             Killed from afar by ANON1729's ghost (6 damage)
             ... with a magic dart
             ... on level 3 of the Dungeon.
             The game lasted 00:05:16 (2053 turns).

Nattfarinn the Skirmisher (Gargoyle Berserker)      Turns: 2053, Time: 00:05:16

Health: -1/37      AC: 14    Str: 21    XL:     5   Next: 50%
Magic:  5/5        EV:  7    Int: 12    God:    Trog [**....]
Gold:   161        SH:  0    Dex: 10    Spells: 4/4 levels left

rFire    . . .     SeeInvis .   q - +1 hand axe (venom)
rCold    . . .     Gourm    .   (no shield)
rNeg     + . .     Faith    .   l - +0 plate armour
rPois    ∞         Spirit   .   (no helmet)
rElec    +         Reflect  .   (no cloak)
rCorr    .         Harm     .   (no gloves)
MR       .....                  (no boots)
Stlth    ..........             (no amulet)
Regen    0.2/turn               p - ring of stealth
MPRegen  0.1/turn               s - +1 ring of evasion

@: brilliant, berserk cooldown, slowed, very slow
A: negative energy resistance 1, electricity resistance, unbreathing,
petrification resistance, rot immunity, AC +4
a: Berserk, Trog's Hand, Burn Spellbooks, Renounce Religion


You were on level 3 of the Dungeon.
You worshipped Trog.
Trog was pleased with you.
You were very hungry.

You visited 1 branch of the dungeon, and saw 3 of its levels.

You collected 161 gold pieces.

Inventory:

Hand Weapons
 a - a +0 mace
 q - a +1 hand axe of venom (weapon)
Armour
 b - a +0 animal skin
 l - a +0 plate armour (worn)
Jewellery
 f - an uncursed ring of poison resistance
 p - a ring of stealth (left hand)
 s - a +1 ring of evasion (right hand)
Wands
 o - a wand of polymorph (7/24)
Scrolls
 d - 2 scrolls of immolation {unknown}
 e - a scroll of enchant armour {unknown}
 h - 2 scrolls of teleportation {unknown}
 i - a scroll of noise {unknown}
 k - a scroll of remove curse {unknown}
 m - a scroll of magic mapping {unknown}
 n - a scroll of identify {unknown}
Potions
 g - a potion of might {unknown}
 r - a potion of heal wounds {unknown}
Comestibles
 c - a bread ration


   Skills:
 * Level 6.6 Fighting
 + Level 0.1(1.5) Axes
 - Level 3.0 Maces & Flails
 - Level 2.1 Armour
 - Level 1.5 Dodging


You had 4 spell levels left.
You didn't know any spells.

Dungeon Overview and Level Annotations

Branches:
Dungeon (3/15)

Altars:

Annotations:
D:3 ANON1729's ghost, amateur DrCj


Innate Abilities, Weirdness & Mutations

You are resistant to torment.
Your stone body is resilient. (AC +4)
You are immune to poison.
You resist negative energy. (rN+)
You are resistant to electric shocks. (rElec)
You can survive without breathing.
You are immune to petrification.
You are immune to rotting.


Message History

ANON1729's ghost completely misses you. ANON1729's ghost barely misses you.
Your plate armour prevents you from hitting ANON1729's ghost.
ANON1729's ghost is almost destroyed.
ANON1729's ghost gestures at you while chanting.
The magic dart hits you! ANON1729's ghost barely misses you.
You hit ANON1729's ghost but do no damage.
ANON1729's ghost is almost destroyed.
ANON1729's ghost hits you.
ANON1729's ghost gestures at you while chanting.
The magic dart hits you!
* * * LOW HITPOINT WARNING * * *
You hit ANON1729's ghost but do no damage.
ANON1729's ghost is almost destroyed.
ANON1729's ghost hits you but does no damage.
It was a potion of brilliance.
You feel clever all of a sudden.
You are feeling very hungry.
ANON1729's ghost points at you and mumbles some strange words.
The magic dart hits you!
You die...

### #...#.# .
#.#.#.# #.
#.#.#.######
#..###..........
#.#......#####.
###........#
#...........#
............#
........@...#
........W...#
...........##
#....#.##..#
....... ..#
#####. #.# ## +#


You could see ANON1729's ghost.

Vanquished Creatures
  An orc wizard (D:3)
  Natasha (thrice) (D:2)
  An adder (D:3)
  An ooze (D:2)
  A worm (D:2)
  A leopard gecko (D:2)
  4 orcs (D:3)
  A ball python (D:1)
  A giant cockroach (D:3)
  2 goblins
  8 hobgoblins
  2 quokkas
  8 bats
  4 frilled lizards
  7 kobolds
  2 rats
47 creatures vanquished.

Notes
Turn   | Place    | Note
-------+----------+-------------------------------------------
     0 | D:1      | Nattfarinn the Gargoyle Berserker began the quest for the Orb.
     0 | D:1      | Reached XP level 1. HP: 14/14 MP: 1/1
   261 | D:1      | Reached XP level 2. HP: 19/20 MP: 2/2
   427 | D:1      | Reached skill level 4 in Fighting
   934 | D:2      | Found a faded altar of an unknown god.
  1013 | D:2      | Reached XP level 3. HP: 18/24 MP: 3/3
  1433 | D:2      | Noticed Natasha
  1447 | D:2      | Killed Natasha
  1447 | D:2      | Reached skill level 5 in Fighting
  1447 | D:2      | Reached XP level 4. HP: 20/31 MP: 4/4
  1626 | D:2      | Noticed Natasha
  1638 | D:2      | Killed Natasha
  1654 | D:2      | Noticed Natasha
  1662 | D:2      | Killed Natasha
  1662 | D:2      | Reached skill level 6 in Fighting
  1667 | D:2      | Reached ** piety under Trog
  1761 | D:3      | Reached XP level 5. HP: 36/36 MP: 5/5
  2013 | D:3      | Noticed ANON1729's ghost (amateur DrCj)
  2053 | D:3      | Killed from afar by ANON1729's ghost

Skill      XL: |  1  2  3  4 |
---------------+-------------+-----
Fighting       | 4 5 6 |  6.6
Axes           | |  0.1
Maces & Flails | |  3.0
Armour         | |  2.1
Dodging        | |  1.5

Action                   |  1- 3 |  4- 6 || total
-------------------------+-------+-------++-------
Melee: Mace              |   101 |    40 ||   141
       Unarmed           |       |     6 ||     6
       Hand axe          |       |    53 ||    53
Invok: Berserk           |     1 |     1 ||     2
       Trog's Hand       |       |     1 ||     1
  Use: Potion            |       |     1 ||     1
  Eat: Meat ration       |     1 |       ||     1
Armor: Animal skin       |    35 |       ||    35
       Plate armour      |     8 |    92 ||   100
       Skin              |       |     1 ||     1
Dodge: Dodged            |    87 |    46 ||   133
